AoeStats
← 平民老百姓

MegaRandom

503923457Analyzed
3v3 RM · 1mo ago on Sep 3, 2026· 70m 28s· 6 players
Game mode
Random Map
Map size
Normal (6 player)
Population
200
Speed
Normal
Resources
Standard
Victory
Conquest
Starting age
Dark Age
Ending age
Imperial Age
RankedLock teamsTeams togetherTeam positionsShared explorationLock speedFull tech treeHidden civsTurbo modeCheats
Victory
Defeat
🇦🇷 Aztecs · Argentina
1245
+17
1237
+18
🇦🇷 Tupi · Argentina
1209
+19
🇧🇷 Mongols · Brazil
1320
-21
🇵🇪 Muisca · Peru
1261
-17
🇹🇼 Spanish · Taiwan
1231
-16
HoraceTBear
7:04 Loom
9:47 Feudal Age
18:29 Castle Age
16:50 Double-Bit Axe
20:23 Town Watch
23:07 Horse Collar
24:35 Fletching
25:31 Gold Mining
26:50 Wheelbarrow
26:51 Bow Saw
27:15 Padded Archer Armor
29:05 Bodkin Arrow
29:30 Ballistics
30:02 Leather Archer Armor
34:33 Imperial Age
34:11 Gold Shaft Mining
33:29 Stone Mining
35:18 Hand Cart
34:35 Elite Guecha Warrior
35:19 Bracer
36:21 Chemistry
37:59 Stone Shaft Mining
39:10 Murder Holes
45:38 Forging
45:28 Scale Mail Armor
45:25 Champi Runner
45:30 Elite Temple Guard
46:32 Conscription
47:20 Iron Casting
46:54 Squires
47:46 Chain Mail Armor
49:50 Plate Mail Armor
60:15 Champi Runner
60:48 Champi Warrior
61:40 Elite Champi Warrior
flinT
3:11 Loom
8:34 Feudal Age
9:21 Double-Bit Axe
12:01 Horse Collar
18:30 Scale Barding Armor
25:03 Castle Age
24:18 Forging
24:05 Gold Mining
26:16 Bow Saw
26:28 Chain Barding Armor
26:23 Bloodlines
27:18 Gold Shaft Mining
29:41 Stone Mining
30:29 Husbandry
34:37 Wheelbarrow
33:48 Town Watch
38:43 Iron Casting
37:58 Fletching
38:37 Heavy Plow
41:09 Imperial Age
41:16 Bodkin Arrow
41:22 Padded Archer Armor
42:53 Blast Furnace
41:17 Elite Steppe Lancer
44:37 Conscription
44:39 Hand Cart
47:36 Bracer
47:37 Padded Archer Armor
50:41 Murder Holes
50:57 Masonry
51:07 Ballistics
51:48 Chemistry
54:35 Hoardings
54:31 Leather Archer Armor
59:47 Siege Engineers
59:11 Elite Skirmisher
59:57 Thumb Ring
68:32 Light Cavalry
69:16 Hussar
平民老百姓
2:36 Loom
11:32 Feudal Age
15:51 Castle Age
14:20 Double-Bit Axe
15:07 Fletching
15:17 Padded Archer Armor
15:11 Stone Mining
16:56 Bloodlines
17:32 Husbandry
21:41 Gold Mining
22:08 Horse Collar
32:25 Leather Archer Armor
38:18 Stone Shaft Mining
44:30 Careening
44:31 Murder Holes
46:29 Bow Saw
47:00 Heavy Plow
47:38 Wheelbarrow
54:06 Man-at-Arms
54:31 Gambesons
54:54 Long Swordsman
56:59 Wheelbarrow
59:11 Hand Cart
Plastic Sturgeon
9:22 Loom
11:50 Feudal Age
15:28 Castle Age
14:19 Double-Bit Axe
14:15 Horse Collar
17:58 Bow Saw
19:08 Wheelbarrow
19:50 Heavy Plow
19:40 Stone Mining
19:41 Gold Mining
22:19 Gold Mining
26:30 Hand Cart
26:00 Town Watch
27:36 Fletching
28:03 Atlatl
28:06 Scale Mail Armor
28:17 Forging
28:35 Town Patrol
29:23 Ballistics
29:26 Chain Mail Armor
32:29 Imperial Age
30:12 Bodkin Arrow
32:04 Gold Shaft Mining
32:53 Stone Shaft Mining
32:58 Iron Casting
33:51 Plate Mail Armor
34:46 Blast Furnace
34:02 Bracer
33:36 Eagle Warrior
34:17 Squires
34:43 Caravan
35:16 Coinage
34:47 Elite Eagle Warrior
36:23 Garland Wars
37:16 Conscription
37:44 Arson
39:22 Banking
43:01 Chemistry
42:21 Siege Engineers
45:06 Crop Rotation
47:46 Treadmill Crane
48:20 Caravan
58:48 Pikeman
Viphera (ex Malín el frances)
8:08 Feudal Age
7:59 Loom
8:03 Loom
8:58 Double-Bit Axe
8:54 Horse Collar
17:10 Castle Age
15:09 Gold Mining
18:34 Bow Saw
20:28 Wheelbarrow
21:08 Town Watch
21:15 Stone Mining
22:54 Hand Cart
24:32 Heavy Plow
29:15 Fletching
35:12 Imperial Age
33:54 Scale Barding Armor
34:00 Bloodlines
33:50 Husbandry
34:03 Forging
34:41 Ballistics
35:22 Chain Barding Armor
35:23 Elite Steppe Lancer
36:39 Iron Casting
39:32 Conscription
40:14 Blast Furnace
39:10 Bodkin Arrow
40:17 Chemistry
39:28 Masonry
40:51 Padded Archer Armor
40:59 Siege Engineers
41:45 Bracer
42:56 Elite Mangudai
43:52 Leather Archer Armor
44:22 Elite Mangudai
45:38 Hoardings
48:43 Caravan
51:21 Murder Holes
52:37 Onager
57:25 Coinage
57:49 Town Patrol
59:04 Light Cavalry
61:08 Banking
63:41 Gold Shaft Mining
63:45 Hussar
66:23 Drill
65:44 Siege Onager
65:44 Capped Ram
Justo José de Urquiza
6:10 Loom
8:44 Feudal Age
13:51 Fletching
25:01 Castle Age
23:13 Double-Bit Axe
23:25 Horse Collar
24:00 Stone Mining
24:44 Padded Archer Armor
25:03 Crossbowman
25:57 Bodkin Arrow
34:21 Wheelbarrow
35:48 Leather Archer Armor
36:48 Ballistics
40:32 Imperial Age
40:11 Forging
42:16 Bracer
43:46 Curare
43:02 Elite Blackwood Archer
46:21 Chemistry
50:24 Hand Cart
49:55 Town Watch
50:42 Ring Archer Armor
50:16 Heavy Plow
50:27 Bow Saw
50:07 Gold Mining
50:38 Bow Saw
51:36 Iron Casting
52:50 Caravan
53:58 Caciques
55:44 Town Patrol
55:57 Onager
58:53 Guard Tower
58:50 Arrowslits
63:57 Scale Mail Armor
64:35 Keep
65:13 Chain Mail Armor
64:20 Elite Ibirapema Warrior
69:14 Plate Mail Armor
68:11 Champi Runner
68:37 Arson
Connection lost

Rejoining the realm…

Still unreachable

The connection could not be restored.

Session expired

The server has moved on; the page needs a fresh start.